 Dungeon Crawl Stone Soup version 0.29.1-12-g30fa7ad0bf (webtiles) character file.

Game seed: 10306172871013506362

2249 GeoRichter the Basher (level 9, 0/66 HPs)
             Began as a Demonspawn Monk on Dec 21, 2022.
             Was a Priest of Cheibriados.
             Slain by a hornet (11 damage)
             ... on level 7 of the Dungeon.
             The game lasted 00:14:41 (7737 turns).

GeoRichter the Basher (Demonspawn Monk)             Turns: 7737, Time: 00:14:41

Health: 0/66       AC:  8    Str: 19    XL:     9   Next: 15%
Magic:  9/12       EV: 13    Int: 20    God:    Cheibriados [***...]
Gold:   549        SH:  0    Dex: 22    Spells: 8/8 levels left

rFire   . . .      SeeInvis .   t - +0 flail
rCold   . . .      Faith    .   (no shield)
rNeg    . . .      Spirit   .   z - +0 steam dragon scales
rPois   .          Reflect  .   (no helmet)
rElec   .          Harm     .   (no cloak)
rCorr   .          Rampage  .   m - +0 pair of gloves
Will    +....                   (no boots)
Stlth   +++.......              (no amulet)
HPRegen 0.21/turn               l - ring of willpower
MPRegen 0.13/turn               (no ring)

@: lethally poisoned (0 -> -14), slowed, very slow
A: hooves 2, slimy green scales 1, demonic guardian 2, bedeviling
a: Renounce Religion, Bend Time, Temporal Distortion


You were on level 7 of the Dungeon.
You worshipped Cheibriados.
Cheibriados was most pleased with you.
You visited 2 branches of the dungeon, and saw 8 of its levels.

You collected 549 gold pieces.

Inventory:

Hand Weapons
 t - a +0 flail (weapon)
   (You took it off an orc on level 3 of the Dungeon)
Missiles
 g - 9 poisoned darts
 j - 4 javelins
Armour
 m - a +0 pair of gloves (worn)
   (You found it on level 2 of the Dungeon)
 w - a +0 scale mail
   (You took it off an orc on level 3 of the Dungeon)
 z - +0 steam dragon scales (worn)
   (You found it on level 5 of the Dungeon)
Jewellery
 l - a ring of willpower (left hand)
   (You found it on level 2 of the Dungeon)
Wands
 n - a wand of digging (4)
   (You found it on level 3 of the Dungeon)
 v - a wand of flame (9) (quivered)
   (You found it on level 5 of the Dungeon)
Scrolls
 a - 2 scrolls of vulnerability {unknown}
 e - a scroll of teleportation {@r4}
 h - a scroll of fear {unknown}
 i - a scroll of amnesia {unknown}
 p - a scroll of blinking {unknown}
 u - 2 scrolls of immolation {!r}
 x - 3 scrolls of enchant armour
 y - a scroll of magic mapping {unknown}
 A - a scroll of poison {unknown}
Potions
 b - 7 potions of curing {@q1}
 c - a potion of ambrosia
 f - 3 potions of attraction {!q}
 k - a potion of invisibility {unknown}
 o - 3 potions of lignification {!q}
 q - a potion of haste {unknown}
 r - 2 potions of resistance
 s - 2 potions of might


   Skills:
 - Level 4.6 Fighting
 * Level 8.8 Maces & Flails
 - Level 2.1 Armour
 - Level 2.7 Dodging
 + Level 5.6 Stealth
 - Level 5.0 Invocations


You had 8 spell levels left.
You didn't know any spells.
Your spell library was empty.

Dungeon Overview and Level Annotations

Branches:
Dungeon (7/15) Zot: 40082  Temple (1/1) D:5 Zot: 8953

Altars:
Ashenzari
Cheibriados
Fedhas
Nemelex Xobeh
Okawaru
Qazlal
Ru
Trog
Uskayaw
Vehumet
Wu Jian
Xom
Yredelemnul

Annotations:
Temple 2 transporters


Innate Abilities, Weirdness & Mutations

You have hoof-like feet.
You are partially covered in slimy green scales. (AC +2)
A demonic guardian rushes to your aid.
Your hexes are more powerful.


Message History

There is an open door here.
Found 9 gold pieces.
You see here a +0 dagger.
You now have 549 gold pieces (gained 9).
Found a stone staircase leading down.
A hornet comes into view.
Found a stone staircase leading up.
The hornet buzzes angrily.
You barely miss the hornet. The hornet closely misses you.
You closely miss the hornet. The hornet stings you.
You feel yourself slow down.
You hit the hornet. Your kick misses the hornet. The hornet stings you!
You are poisoned.
You feel as though you will be slow longer.
The hornet stings you!
You are more poisoned.
You feel as though you will be slow longer.
The hornet stings you but does no damage.
You miss the hornet. Your kick misses the hornet.
You feel very sick. The hornet closely misses you.
The hornet stings you but does no damage.
Unknown command.
You barely miss the hornet. You kick the hornet, but do no damage.
You feel very sick. The hornet closely misses you. x2
Unknown command.
The flow of time bends around you.
Cheibriados rebukes the hornet.
The hornet seems to slow down.
You feel very sick. The hornet closely misses you.
You hit the hornet.
You feel very sick. The hornet stings you.
* * * LOW HITPOINT WARNING * * *
You feel as though you will be slow longer.
The hornet stings you!
* * * LOW HITPOINT WARNING * * *
You are lethally poisoned!
You feel as though you will be slow longer.
You miss the hornet.
* * * LOW HITPOINT WARNING * * *
You feel very sick. The hornet barely misses you.
You barely miss the hornet. You kick the hornet.
* * * LOW HITPOINT WARNING * * *
You feel very sick. The hornet stings you!
You die...

... .. ###.#+
#....# #...#
##..# #..#
##y# #@+ ..
#.#
##.######.#
#.........#
#.........#
#.........#
#.......#
#.......#
#####......##


You could see a hornet (slow).

Vanquished Creatures
  A wyvern (D:7)
  A steam dragon (D:6)
  An orc warrior (D:6)
  A black bear (D:5)
  An ogre (D:5)
  A phantom (D:3)
  A necrophage (D:5)
  3 scorpions
  8 hounds
  2 gnoll boudas (D:5)
  2 iguanas (D:5)
  An orc wizard (D:4)
  13 gnolls
  6 adders
  2 white imps
  An ufetubus (D:3)
  A worm (D:4)
  3 dart slugs
  11 orcs
  7 ball pythons
  7 bats
  7 endoplasms
  4 giant cockroaches
  4 goblins
  9 hobgoblins
  4 jackals
  11 frilled lizards
  4 kobolds
  3 rats
120 creatures vanquished.

Vanquished Creatures (collateral kills)
  Maggie (D:6)
  A steam dragon (D:5)
  An ice beast (D:6)
  An ogre (D:4)
  A centaur (D:6)
  A necrophage (D:6)
  A howler monkey (D:4)
  A gnoll (D:4)
  A giant cockroach (D:4)
9 creatures vanquished.

Vanquished Creatures (others)
  4 plants (D:3)
4 creatures vanquished.

Grand Total: 133 creatures vanquished

Notes
Turn   | Place    | Note
-------+----------+-------------------------------------------
     0 | D:1      | GeoRichter the Demonspawn Monk began the quest for the Orb.
     0 | D:1      | Reached XP level 1. HP: 18/18 MP: 1/1
   367 | D:1      | Reached skill level 3 in Maces & Flails
   430 | D:1      | Gained mutation: You are partially covered in slimy green
                  | scales. (AC +2) [demonic ancestry]
   430 | D:1      | Reached XP level 2. HP: 16/24 MP: 2/2
  1321 | D:1      | Gained mutation: You have large cloven feet. [demonic
                  | ancestry]
  1321 | D:1      | Reached XP level 3. HP: 29/29 MP: 3/3
  2383 | D:3      | Reached skill level 4 in Maces & Flails
  2383 | D:3      | Gained mutation: A weak demonic guardian rushes to your
                  | aid. [demonic ancestry]
  2383 | D:3      | Reached XP level 4. HP: 33/35 MP: 4/4
  2523 | D:3      | Noticed a phantom
  2536 | D:3      | Killed a phantom
  2537 | D:3      | Gained mutation: A demonic guardian rushes to your aid.
                  | [demonic ancestry]
  2537 | D:3      | Reached XP level 5. HP: 30/41 MP: 5/5
  2692 | D:3      | Reached skill level 5 in Maces & Flails
  3550 | D:3      | Reached skill level 1 in Armour
  3803 | D:4      | Noticed an ogre
  3903 | D:3      | Reached XP level 6. HP: 40/47 MP: 6/6
  4257 | D:4      | Found a basalt altar of Yredelemnul.
  4321 | D:4      | Found a shimmering altar of Xom.
  4324 | D:4      | Found a shimmering altar of Xom.
  4325 | D:4      | Found a shimmering altar of Xom.
  4326 | D:4      | Found a shimmering altar of Xom.
  4450 | D:5      | Entered Level 5 of the Dungeon
  4528 | D:5      | Found an ornate altar of the Wu Jian Council.
  4596 | D:5      | Reached skill level 6 in Maces & Flails
  4741 | D:5      | Found a staircase to the Ecumenical Temple.
  4752 | Temple   | Entered the Ecumenical Temple
  4752 | Temple   | Found a transporter.
  4752 | Temple   | Found a transporter.
  4754 | Temple   | Found a transporter.
  4754 | Temple   | Found a transporter.
  4767 | Temple   | Became a worshipper of Cheibriados the Contemplative
  4767 | Temple   | Reached * piety under Cheibriados
  4767 | Temple   | Reached ** piety under Cheibriados
  4874 | D:5      | Gained mutation: You have hoof-like feet. [demonic
                  | ancestry]
  4874 | D:5      | Reached XP level 7. HP: 54/54 MP: 7/7
  5756 | D:6      | Noticed Maggie
  5756 | D:6      | Noticed a steam dragon
  5788 | D:5      | Reached skill level 7 in Maces & Flails
  5788 | D:5      | Reached skill level 1 in Invocations
  5815 | D:5      | Killed a steam dragon
  5816 | D:5      | Reached XP level 8. HP: 32/61 MP: 7/9
  5954 | D:6      | Killed Maggie
  6368 | D:5      | Reached skill level 8 in Maces & Flails
  6515 | D:5      | Reached skill level 5 in Stealth
  6737 | D:6      | Reached skill level 5 in Invocations
  6737 | D:6      | Gained mutation: Your hexes are more powerful. [demonic
                  | ancestry]
  6737 | D:6      | Reached XP level 9. HP: 14/66 MP: 12/12
  7165 | D:6      | Found a broken altar of Ashenzari.
  7236 | D:6      | Found a bloodstained altar of Trog.
  7602 | D:7      | Found an iron altar of Okawaru.
  7606 | D:7      | Reached *** piety under Cheibriados
  7737 | D:7      | Slain by a hornet

Illustrated notes

Levels and vault maps discovered:
D:1:      saegor_arrival_miasma, layout_basic, minmay_misc_feat_ornament
D:2:      layout_basic, hangedman_decor_slide_cut
D:3:      layout_loops_ring, minmay_lizard_king
D:4:      layout_rooms, xom_redecorated, mainiacjoe_overflow_brackets
D:5:      layout_basic, amcnicky_altar_gilded, lemuel_doored_altar,
          temple_pool_b
D:6:      layout_basic, evilmike_ruin_ashenzari, mainiacjoe_overflow_alcove_2,
          uniq_maggie
D:7:      layout_basic, nicolae_gozag_zags_fifth_avenue, lemuel_blue_sif_altar,
          okawaru_trees_2, kennysheep_cluttered_room, chequers_avenue,
          dk_noncrumbling_3, uniq_duvessa
Temple:   hellmonk_temple_divided_pantheon

Skill      XL: |  1  2  3  4  5  6  7  8 |
---------------+-------------------------+-----
Maces & Flails | 3 4 5 6 7 8 |  8.8
Stealth        | 2 3 4 5 |  5.6
Armour         | 1 2 |  2.1
Fighting       | 4 |  4.6
Invocations    | 1 5 |  5.0
Dodging        | |  2.7

Action                   |  1- 3 |  4- 6 |  7- 9 || total
-------------------------+-------+-------+-------++-------
Melee: Mace              |    90 |   124 |       ||   214
       Kick              |     8 |    55 |    48 ||   111
       Punch             |       |     1 |     1 ||     2
       Flail             |       |    39 |   155 ||   194
Throw: Dart              |     1 |     4 |       ||     5
       Javelin           |     6 |    18 |     3 ||    27
       Boomerang         |       |    15 |    18 ||    33
Invok: Bend Time         |       |       |     2 ||     2
Evoke: Wand              |       |       |     7 ||     7
  Use: Potion            |       |       |     1 ||     1
       Scroll            |       |       |     8 ||     8
 Stab: Sleeping          |     7 |     1 |       ||     8
Armor: Robe              |    15 |       |       ||    15
       Ring mail         |    16 |    77 |       ||    93
       Scale mail        |       |     1 |    63 ||    64
       Steam dragon scal |       |       |    24 ||    24
Dodge: Dodged            |    57 |   124 |   137 ||   318
